 Dungeon Crawl Stone Soup version 0.21-a0-41-g5e91fef (webtiles) character file.

83 blackwizard the Caller (level 4, -2/39 HPs)
             Began as a Troll Summoner on June 4, 2017.
             Was an Initiate of Yredelemnul.
             Slain by sveltemanboy's ghost (9 damage)
             ... on level 3 of the Dungeon.
             The game lasted 00:09:33 (1770 turns).

blackwizard the Caller (Troll Summoner)             Turns: 1770, Time: 00:09:34

Health: -2/39      AC:  5    Str: 16    XL:     4   Next: 22%
Magic:  2/5        EV: 10    Int: 12    God:    Yredelemnul [......]
Gold:   85         SH:  0    Dex: 10    Spells: 1/5 levels left

rFire    . . .     SeeInvis .   m - +1 dagger (venom)
rCold    . . .     Gourm    +   (no shield)
rNeg     . . .     Faith    .   a - +0 robe
rPois    .         Spirit   .   (helmet restricted)
rElec    .         Reflect  .   (no cloak)
rCorr    .         Harm     .   (gloves unavailable)
MR       .....                  (boots unavailable)
Stlth    +.........             (no amulet)
Regen    0.6/turn               (no ring)
MPRegen  0.1/turn               (no ring)

@: no status effects
A: unfitting armour, claws 3, fast metabolism 3, gourmand, regeneration 1,
shaggy fur 1, tough skin 2
a: Renounce Religion


You were on level 3 of the Dungeon.
You worshipped Yredelemnul.
Yredelemnul was noncommittal.
You were not hungry.

You visited 1 branch of the dungeon, and saw 3 of its levels.

You collected 85 gold pieces.

Inventory:

Hand Weapons
 e - a +0 dagger
 g - a +0 vampiric whip
 i - a +0 short sword
 m - a +1 dagger of venom (weapon)
Missiles
 j - 33 stones (quivered)
 p - 16 bolts
 q - 55 arrows
Armour
 a - a +0 robe (worn)
Scrolls
 h - 4 scrolls of identify {unknown}
 k - a scroll of immolation {unknown}
 l - a scroll of blinking {unknown}
 r - a scroll of remove curse {unknown}
 s - 3 scrolls of teleportation {unknown}
 t - a scroll of noise {unknown}
 v - a scroll of recharging {unknown}
 w - a scroll of amnesia {unknown}
Potions
 d - a potion of lignification {unknown}
 f - a potion of heal wounds {unknown}
 n - a potion of curing
 u - a potion of berserk rage {unknown}
Books
 b - a book of Callings

   Spells                             Type                      Level
   a - Summon Small Mammal            Summoning                    1
   b - Call Imp                       Summoning                    2
   c - Call Canine Familiar           Summoning                    3
   d - Summon Guardian Golem          Hexes/Summoning              3
   e - Summon Lightning Spire         Summoning/Air                4
   f - Summon Ice Beast               Ice/Summoning                4
Comestibles
 c - 2 bread rations
 o - 7 chunks of flesh


   Skills:
 + Level 0.1 Fighting
 + Level 1.4 Short Blades
 + Level 1.9 Dodging
 + Level 1.1 Stealth
 + Level 1.4 Spellcasting
 + Level 3.6 Summonings


You had one spell level left.
You knew the following spells:

 Your Spells              Type           Power        Failure   Level  Hunger
a - Summon Small Mammal   Summ           #...         6%          1    ##.....
b - Call Canine Familiar  Summ           #.......     19%         3    ####...


Dungeon Overview and Level Annotations

Branches:
Dungeon (3/15)

Altars:
Makhleb
Yredelemnul

Annotations:
D:3 sveltemanboy's ghost, amateur CeHu


Innate Abilities, Weirdness & Mutations

You are too large for most types of armour.
You have claws for hands.
Your metabolism is lightning-fast.
You like to eat raw meat.
Your natural rate of healing is unusually fast.
You are covered in fur. (AC +1)
You have very tough skin. (AC +2)


Message History

Sveltemanboy's ghost hits you but does no damage.
Your hound bites sveltemanboy's ghost.
Found a stone staircase leading up.
Sveltemanboy's ghost hits you.
* * * LOW HITPOINT WARNING * * *
You see here a scroll labeled UKUSURHOSO.
Your hound bites sveltemanboy's ghost but does no damage.
Sveltemanboy's ghost closely misses you.
You see here 6 gold pieces.
Your hound bites sveltemanboy's ghost.
Sveltemanboy's ghost whispers, "Death doesn't hurt.
What you feel is life." Sveltemanboy's ghost barely misses you.
Your hound bites sveltemanboy's ghost.
Your hound bites sveltemanboy's ghost but does no damage.
Your hound disappears in a puff of smoke!
Sveltemanboy's ghost hits you!
* * * LOW HITPOINT WARNING * * *
Sveltemanboy's ghost hits you!
You die...
Your body rises from the dead as a mindless zombie.

. . ########### .
#.........# # .<.
#.........# # ...
#.........#
#####.....
#....@....#
......##.#
#....W....# ######
#.# ###.#.#####
.....###.# #..#.#
.)....##.## #.##.#
...#......###.##.##
...###......#.##..#
.....##........##$#
...#.##.)........?#


You could see sveltemanboy's ghost.

Vanquished Creatures
  Natasha (D:3)
  2 worms (D:2)
  5 dart slugs
  2 leopard geckos (D:1)
  4 bats
  2 giant cockroaches (D:1)
  2 goblins
  4 hobgoblins
  6 jackals
  3 frilled lizards
  3 kobolds
  3 rats
37 creatures vanquished.

Vanquished Creatures (collateral kills)
  A leopard gecko (D:2)
  3 orcs (D:3)
  A giant cockroach (D:3)
  2 goblins (D:2)
  3 hobgoblins
  3 jackals (D:2)
  A kobold (D:2)
  2 bats
  3 frilled lizards
  A rat (D:3)
20 creatures vanquished.

Grand Total: 57 creatures vanquished

Notes
Turn   | Place    | Note
-------+----------+-------------------------------------------
     0 | D:1      | blackwizard the Troll Summoner began the quest for the Orb.
     0 | D:1      | Reached XP level 1. HP: 16/16 MP: 1/1
    79 | D:1      | Reached skill level 3 in Summonings
   272 | D:1      | Reached XP level 2. HP: 18/24 MP: 2/2
   680 | D:1      | Reached XP level 3. HP: 31/31 MP: 3/3
   731 | D:1      | Learned a level 3 spell: Call Canine Familiar
  1086 | D:2      | Reached skill level 1 in Short Blades
  1634 | D:3      | Noticed Natasha
  1650 | D:3      | Killed Natasha
  1650 | D:3      | Reached XP level 4. HP: 20/39 MP: 1/5
  1670 | D:3      | Found a basalt altar of Yredelemnul.
  1686 | D:3      | Became a worshipper of Yredelemnul the Dark
  1709 | D:3      | Found a burning altar of Makhleb.
  1709 | D:3      | Noticed a blizzard demon
  1717 | D:3      | Noticed a neqoxec
  1717 | D:3      | Noticed a ynoxinul
  1724 | D:3      | Noticed sveltemanboy's ghost (amateur CeHu)
  1770 | D:3      | Slain by sveltemanboy's ghost

Vault maps used:
D:1:      nicolae_arrival_washed_ashore
D:2:      st_stairs_13
D:3:      makhleb_altar_promises_db, chequers_ecumenical_altar_grove,
          yredelemnul_altar_generic, uniq_natasha, uniq_terence

Skill      XL: |  1  2  3 |
---------------+----------+-----
Summonings     | 3 |  3.6
Short Blades   | 1 |  1.4
Fighting       | |  0.1
Dodging        | |  1.9
Stealth        | |  1.1
Spellcasting   | |  1.4

Action                   |  1- 3 |  4- 6 || total
-------------------------+-------+-------++-------
Melee: Dagger            |   144 |     7 ||   151
 Cast: Summon Small Mamm |    12 |       ||    12
       Call Canine Famil |    12 |     2 ||    14
  Eat: Chunk             |     7 |       ||     7
       Bread ration      |     2 |       ||     2
Armor: Robe              |   147 |     2 ||   149
Dodge: Dodged            |   151 |     7 ||   158
